 Dungeon Crawl Stone Soup version 0.20.1-1-g8b1a95d (webtiles) character file.

44 vatarom the Insei (level 3, 22/29 HPs)
             Began as a Draconian Transmuter on Sept 21, 2017.
             Quit the game on level 2 of the Dungeon.
             The game lasted 00:04:14 (1017 turns).

vatarom the Insei (Draconian Transmuter)            Turns: 1017, Time: 00:04:15

Health: 22/29      AC:  5    Str: 12    XL:     3   Next: 39%
Magic:  6/6        EV: 12    Int: 15    God:
Gold:   90         SH:  0    Dex: 12    Spells: 0/6 levels left

rFire    . . .     SeeInvis .     - Unarmed
rCold    . . .     Gourm    .   (no shield)
rNeg     . . .     Faith    .   (armour unavailable)
rPois    .         Spirit   .   (helmet restricted)
rElec    .         Reflect  .   (no cloak)
rCorr    .         Harm     .   (no gloves)
MR       .....                  (no boots)
Stlth    +.........             (no amulet)
Regen    0.1/turn               (no ring)
MPRegen  0.1/turn               (no ring)

@: no status effects
A: unfitting armour, clever 1, deterioration 1, cold-blooded, AC +5
a: no special abilities


You were on level 2 of the Dungeon.
You were not hungry.

You visited 1 branch of the dungeon, and saw 2 of its levels.

You collected 90 gold pieces.

Inventory:

Missiles
 a - 29 arrows
Armour
 j - a +0 pair of gloves
Scrolls
 k - a scroll of identify
Potions
 e - 2 potions of heal wounds
 f - 3 potions of curing
 i - a potion of haste {unknown}
Books
 b - a book of Changes

   Spells                             Type                      Level
   a - Beastly Appendage              Transmutation                1
   b - Sticks to Snakes               Transmutation                2
   c - Spider Form                    Transmutation/Poison         3
   d - Ice Form                       Ice/Transmutation            4
   e - Blade Hands                    Transmutation                5
Comestibles
 c - 2 bread rations
 d - 11 chunks of flesh
 g - a meat ration
 h - a royal jelly


   Skills:
 + Level 2.1 Fighting
 + Level 2.1 Dodging
 * Level 3.8 Unarmed Combat
 - Level 2.0 Spellcasting
 - Level 2.0 Transmutations


You couldn't memorise any spells.
You knew the following spells:

 Your Spells              Type           Power        Failure   Level  Hunger
a - Beastly Appendage     Tmut           #.....       10%         1    #......
b - Sticks to Snakes      Tmut           #.......     14%         2    ###....
c - Spider Form           Tmut/Pois      #.........   41%         3    ###....


Dungeon Overview and Level Annotations

Branches:
Dungeon (2/15)

Altars:


Innate Abilities, Weirdness & Mutations

Your plain brown scales are hard. (AC +5)
You cannot fit into any form of body armour.
You are cold-blooded and may be slowed by cold attacks.
Your mind is acute. (Int +2)
Your body sometimes deteriorates upon taking damage.


Message History

You closely miss the leopard gecko. The leopard gecko barely misses you.
You barely miss the leopard gecko. The leopard gecko misses you.
You miss the leopard gecko. Your headbutt misses the leopard gecko.
The leopard gecko bites you.
You hit the leopard gecko.
You kill the leopard gecko!
No target in view!
No target in view!
You see here a leopard gecko corpse.
You butcher the leopard gecko corpse.
Your transformation is almost over.
d - 11 chunks of flesh (gained 2)
You see here a leopard gecko skeleton.
You start resting.
Magic restored.
You start resting.
Your horns disappear.
k - a scroll of identify Are you sure you want to abandon this character and quit the game? (Confirm with "yes".)
Okay, then.
Are you sure you want to abandon this character and quit the game? (Confirm with "yes".)

#.# ## ##.####. #.......
##### #..##.#. ###...#
#..##.## ...#.# #..##.#
#...# #..##.# ####...####
####..##.#
#.....@...###........#
.........รท...#.##..#####
##.........#............
####...######.#########
#...# #.# #..$# #.# ##.##
#.# #. #.# #.#


There were no monsters in sight!

Vanquished Creatures
  2 oozes (D:2)
  2 dart slugs (D:1)
  2 leopard geckos
  2 bats (D:1)
  3 giant cockroaches
  3 goblins
  2 hobgoblins
  3 jackals (D:2)
  A kobold (D:1)
  A quokka (D:2)
  3 frilled lizards
  2 rats (D:1)
26 creatures vanquished.

Vanquished Creatures (collateral kills)
  A bat (D:2)
1 creature vanquished.

Grand Total: 27 creatures vanquished

Notes
Turn   | Place    | Note
-------+----------+-------------------------------------------
     0 | D:1      | vatarom the Draconian Transmuter began the quest for the Orb.
     0 | D:1      | Reached XP level 1. HP: 16/16 MP: 3/3
    76 | D:1      | Gained mutation: Your body sometimes deteriorates upon taking damage. [potion of mutation]
    76 | D:1      | Gained mutation: Your mind is acute. (Int +2) [potion of mutation]
   123 | D:1      | Reached XP level 2. HP: 23/23 MP: 5/5
   814 | D:2      | Reached XP level 3. HP: 27/29 MP: 4/6
   849 | D:2      | Learned a level 2 spell: Sticks to Snakes
   853 | D:2      | Learned a level 3 spell: Spider Form
  1017 | D:2      | Quit the game

Skill      XL: |  1  2 |
---------------+-------+-----
Fighting       | 2 |  2.1
Dodging        | 2 |  2.1
Unarmed Combat | |  3.8
Spellcasting   | |  2.0
Transmutations | |  2.0

Action                   || total
-------------------------++-------
Melee: Unarmed           ||   104
       Tailslap          ||    11
       Headbutt          ||     4
       Punch             ||     2
       Kick              ||     5
 Cast: Beastly Appendage ||     8
       Sticks to Snakes  ||     2
  Use: Potion            ||     2
       Scroll            ||     7
  Eat: Chunk             ||     1
Armor: Skin              ||    36
Dodge: Dodged            ||    73
